 Dungeon Crawl Stone Soup version 0.30.0-20-g3615ddf2f0 (webtiles) character file.

Game seed: 6517221825830379972

83 qw the Chopper (level 4, -5/28 HPs)
             Began as a Gargoyle Fighter on May 27, 2023.
             Killed from afar by Sigmund (11 damage)
             ... with a puff of flame
             ... on level 2 of the Dungeon.
             The game lasted 00:00:57 (1107 turns).

qw the Chopper (Gargoyle Fighter)                   Turns: 1107, Time: 00:00:57

Health: -5/28      AC: 10    Str: 22    XL:     4   Next: 44%
Magic:  4/4        EV:  9    Int:  8    God:
Gold:   72         SH:  4    Dex:  9    Spells: 3/3 levels left

rFire   . . .        Y - +0 war axe
rCold   . . .        c - +0 buckler
rNeg    + . .        b - +0 scale mail
rPois   inf          (no helmet)
rElec   +            (no cloak)
rCorr   .            (no gloves)
SInv    .            (no boots)
Will    .....        (no amulet) Stlth
                     (no ring)
HPRegen 0.24/turn    (no ring)
MPRegen 0.09/turn

%: no passive effects
@: no status effects
A: sickness immunity, AC +3, negative energy resistance 1, electricity
resistance, torment resistance 1, petrification resistance
a: no special abilities


You were on level 2 of the Dungeon.
You visited 1 branch of the dungeon, and saw 2 of its levels.

You collected 72 gold pieces.


Innate Abilities, Weirdness & Mutations

You are immune to sickness and miasma.
Your stone body is resilient. (AC +3)
You are immune to poison.
You resist negative energy. (rN+)
You are resistant to electric shocks. (rElec)
You are resistant to unholy torment.
You are immune to petrification.


   Skills:
 - Level 3.2 Fighting
 + Level 4.1 Axes
 - Level 3.2 Armour
 - Level 3.2 Shields


You had 3 spell levels left.
You didn't know any spells.
Your spell library was empty.

Inventory:

Hand Weapons
 g - a +0 club
 Y - a +0 war axe (weapon)
Armour
 b - a +0 scale mail (worn)
 c - a +0 buckler (worn)
 e - a +0 chain mail
Scrolls
 a - a scroll of teleportation
 f - a scroll of noise {unknown}
 h - a scroll of poison {unknown}
 k - 2 scrolls of identify {unknown}
 l - a scroll of torment {unknown}
Potions
 d - a potion of might
 i - a potion of haste {unknown}
 j - a potion of heal wounds {unknown}
 m - a potion of curing {unknown}
 n - a potion of flight {unknown}
 o - a potion of berserk rage {unknown}

Dungeon Overview and Level Annotations

Branches:
Dungeon (2/15)

Altars:

Annotations:
D:2 Sigmund


Message History

You barely miss the hobgoblin. You block the hobgoblin's attack.
You hit the hobgoblin.
The hobgoblin is almost dead.
The hobgoblin misses you.
You completely miss the hobgoblin.
The hobgoblin is almost dead.
You block the hobgoblin's attack.
The hobgoblin hits you but does no damage.
You hit the hobgoblin.
You kill the hobgoblin!
The adder bites you but does no damage.
You miss the adder. The adder bites you. Something hits you.
You miss the adder. The adder completely misses you.
The adder bites you but does no damage. Something hits you but does no damage.
You hit the adder.
The adder is moderately wounded.
The adder barely misses you. Something hits you.
The adder bites you but does no damage.
You barely miss the adder.
The adder is moderately wounded.
The adder bites you. Something hits you but does no damage.
The adder bites you but does no damage.
You slash the adder!
You kill the adder!
Something hits you but does no damage.
You swing at nothing.
Something hits you.
You swing at nothing.
You swing at nothing.
Something hits you.
You swing at nothing.
A magic dart appears from out of thin air!
The magic dart hits you!
You hear some strange, mumbled words.
A puff of flame appears from out of thin air!
The puff of flame hits you!
You die...

##.. #.# ##... #.#
.... ..# ... #.#
.. #.# #{ #.#
######!###.#######
.......@...)......
#####.####.#######
# #......#
#......# #.######
#.# ##.## ##
##.###...###### #.
#.............. #.


There were no monsters in sight!

Vanquished Creatures
  3 adders (D:2)
  A worm (D:2)
  A dart slug (D:1)
  6 endoplasms (D:1)
  A giant cockroach (D:1)
  6 goblins
  7 hobgoblins
  2 jackals (D:1)
  2 kobolds
  2 quokkas (D:1)
  4 ball pythons
  3 bats
  3 frilled lizards
  7 rats
48 creatures vanquished.

Notes
Turn   | Place    | Note
-------+----------+-------------------------------------------
     0 | D:1      | qw the Gargoyle Fighter began the quest for the Orb.
     0 | D:1      | Reached XP level 1. HP: 14/14 MP: 1/1
     0 | D:1      | 0 ||| qw: Version: 0.2-a-100-g3d2c45e
     0 | D:1      | 0 ||| qw: Game counter: 201
     0 | D:1      | 0 ||| qw: Always use a shield: true
     0 | D:1      | 0 ||| qw: God list: Okawaru
     0 | D:1      | 0 ||| qw: Allow faded altars: false
     0 | D:1      | 0 ||| qw: Do Orc after D:15 true
     0 | D:1      | 0 ||| qw: Do second Lair branch before Depths: true
     0 | D:1      | 0 ||| qw: Lair rune preference: random
     0 | D:1      | 0 ||| qw: Plans: Normal, Zot:1-4, God:TSO, Crypt, Tomb,
                  | Pan, Slime:5, Hells, Abyss, Win
     0 | D:1      | 0 ||| PLANNING D:1-11
    26 | D:1      | Reached skill level 2 in Axes
    38 | D:1      | Reached XP level 2. HP: 17/19 MP: 2/2
    42 | D:1      | 42 ||| Stepping ~*~*~tactically~*~*~ (stealth).
    47 | D:1      | 47 ||| Stepping ~*~*~tactically~*~*~ (stealth).
   141 | D:1      | Reached skill level 3 in Axes
   173 | D:1      | Reached XP level 3. HP: 23/23 MP: 3/3
   556 | D:1      | 556 ||| DROPPING orb of energy.
   557 | D:1      | 557 ||| READING 2 scrolls labelled BEAPPU KEIF.
   562 | D:1      | 562 ||| READING scroll labelled DAPOUSCH ITOUC.
   563 | D:1      | 563 ||| DRINKING 3 ruby potions.
   564 | D:1      | 564 ||| DROPPING 2 potions of invisibility.
   621 | D:2      | 621 ||| STAIRDANCE
   625 | D:2      | 625 ||| STAIRDANCE
   629 | D:2      | 629 ||| STAIRDANCE
   633 | D:2      | 633 ||| STAIRDANCE
   637 | D:2      | 637 ||| STAIRDANCE
   641 | D:2      | 641 ||| STAIRDANCE
   645 | D:2      | 645 ||| STAIRDANCE
   649 | D:2      | 649 ||| STAIRDANCE
   653 | D:2      | 653 ||| STAIRDANCE
   657 | D:2      | 657 ||| STAIRDANCE
   661 | D:2      | 661 ||| STAIRDANCE
   665 | D:2      | 665 ||| STAIRDANCE
   669 | D:2      | 669 ||| STAIRDANCE
   673 | D:2      | 673 ||| STAIRDANCE
   677 | D:2      | 677 ||| STAIRDANCE
   681 | D:2      | 681 ||| STAIRDANCE
   685 | D:2      | 685 ||| STAIRDANCE
   689 | D:2      | 689 ||| STAIRDANCE
   693 | D:2      | 693 ||| STAIRDANCE
   697 | D:2      | 697 ||| STAIRDANCE
   706 | D:2      | 706 ||| FLEEEEING.
   707 | D:2      | 707 ||| FLEEEEING.
   708 | D:2      | 708 ||| FLEEEEING.
   709 | D:2      | 709 ||| FLEEEEING.
   710 | D:2      | 710 ||| FLEEEEING.
   748 | D:2      | 748 ||| FLEEEEING.
   751 | D:2      | 751 ||| FLEEEEING.
   761 | D:2      | 761 ||| FLEEEEING.
   772 | D:2      | 772 ||| FLEEEEING.
   773 | D:2      | 773 ||| FLEEEEING.
   910 | D:2      | Reached XP level 4. HP: 28/28 MP: 4/4
   992 | D:2      | 992 ||| Stepping ~*~*~tactically~*~*~ (stealth).
   993 | D:2      | 993 ||| Stepping ~*~*~tactically~*~*~ (stealth).
  1024 | D:2      | Reached skill level 4 in Axes
  1091 | D:2      | Noticed Sigmund
  1107 | D:2      | HP: 6/28 [something/magic dart (9)]
  1107 | D:2      | Killed from afar by Sigmund

Levels and vault maps discovered:
D:1:      dpeg_arrival_connections, layout_basic
D:2:      layout_loops_ring, uniq_sigmund, uniq_jessica

Skill      XL: |  1  2  3  4 |
---------------+-------------+-----
Axes           | 2 3 4 |  4.1
Fighting       | |  3.2
Armour         | |  3.2
Shields        | |  3.2

Action                     |  1- 3 |  4- 6 || total
---------------------------+-------+-------++-------
  Melee: War axe           |   100 |    34 ||   134
    Use: Scroll            |     2 |       ||     2
         Potion            |     1 |       ||     1
 Armour: Scale mail        |    58 |    20 ||    78
  Dodge: Dodged            |    49 |    18 ||    67
  Block: Buckler           |    16 |     7 ||    23

Table legend:
 A = Non-vault XP
 B = Vault XP
 C = Vault XP percentage of total XP
 D = Non-vault monster count
 E = Vault monster count
 F = Vault count percentage of total count
                 A         B        C        D         E       F
            +---------+---------+-------+---------+---------+-------
      Total |     119 |       0 |   0.0 |      48 |       0 |   0.0
            +---------+---------+-------+---------+---------+-------
        D:1 |      55 |       0 |   0.0 |      31 |       0 |   0.0
        D:2 |      64 |       0 |   0.0 |      17 |       0 |   0.0
            +---------+---------+-------+---------+---------+-------
